 Dungeon Crawl Stone Soup version 0.20.1-1-g8b1a95d (webtiles) character file.

1526 ChromeMolly the Sneak (level 8, -27/54 HPs)
             Began as an Octopode Fighter on Nov 29, 2017.
             Annihilated by a two-headed ogre
             ... wielding a +0 giant club
              (32 damage)
             ... on level 6 of the Dungeon.
             The game lasted 00:31:44 (5408 turns).

ChromeMolly the Sneak (Octopode Fighter)            Turns: 5408, Time: 00:31:44

Health: -27/54     AC:  1    Str: 15    XL:     8   Next: 85%
Magic:  8/8        EV: 13    Int: 11    God:
Gold:   316        SH: 13    Dex: 13    Spells: 7/7 levels left

rFire    . . .     SeeInvis .   g - +8 mace "Ytagrit" {venom, rElec}
rCold    . . .     Gourm    .   b - +4 shield
rNeg     . . .     Faith    .   (helmet restricted)
rPois    .         Spirit   .   (no amulet)
rElec    +         Reflect  .   (no ring)
rCorr    .         Harm     .   (no ring)
MR       .....                  (no ring)
Stlth    +++++.....             (no ring)
Regen    0.2/turn               (no ring)
MPRegen  0.2/turn               (no ring)
                                (no ring)
                                (no ring)

@: no status effects
A: almost no armour, stealthy swim, amphibious, 8 rings, constrict 8, camouflage
1, gelatinous body 1
a: no special abilities


You were on level 6 of the Dungeon.
You were not hungry.

You visited 1 branch of the dungeon, and saw 6 of its levels.

You collected 316 gold pieces.

Inventory:

Hand Weapons
 a - a +0 war axe
 e - a +0 dagger
 g - the +8 mace "Ytagrit" (weapon) {venom, rElec}
   (You found it on level 5 of the Dungeon)

   It poisons the flesh of those it strikes.
   It insulates you from electricity.
 l - a +2 hand axe of holy wrath
 t - a +1 war axe of freezing
Missiles
 f - 4 tomahawks (quivered)
 h - a throwing net
 m - 289 stones
Armour
 b - a +4 shield (worn)
Wands
 r - a wand of paralysis (12/24)
Scrolls
 i - a scroll of remove curse
 p - 2 scrolls of fog {unknown}
 q - a scroll of enchant weapon {unknown}
 s - a scroll of noise {unknown}
Potions
 c - 3 potions of brilliance {unknown}
 k - 3 potions of curing
 o - a potion of might
Comestibles
 d - a bread ration
 j - a royal jelly
 n - 5 meat rations


   Skills:
 + Level 4.5 Fighting
 * Level 4.2 Short Blades
 + Level 3.9(4.3) Axes
 + Level 2.6(3.7) Maces & Flails
 + Level 2.8 Throwing
 + Level 4.5 Dodging
 * Level 7.4 Stealth
 + Level 4.4 Shields


You had 7 spell levels left.
You didn't know any spells.

Dungeon Overview and Level Annotations

Branches:
Dungeon (6/15)
 Temple: D:4-7

Altars:
Ashenzari
The Shining One


Innate Abilities, Weirdness & Mutations

You cannot wear most types of armour.
You are very stealthy in the water. (Stealth+)
You are amphibious.
You can wear up to eight rings at the same time.
You can use your tentacles to constrict eight enemies at once.
Your skin changes colour to match your surroundings (Stealth+).
Your rubbery body absorbs attacks. (AC +1, EV +1)


Message History

A two-headed ogre comes into view. It is wielding two giant clubs.
The helpless two-headed ogre fails to defend itself.
You skewer the two-headed ogre like a kebab!!!
The two-headed ogre is severely wounded.
The two-headed ogre hits you with a giant club!
The two-headed ogre hits you with a giant club!!
Ouch! That really hurt!
* * * LOW HITPOINT WARNING * * *
Wield which item (- for none, * to show all)? (? for menu, Esc to quit)
The +8 mace "Ytagrit" {venom, rElec} begins to drip with poison!
g - the +8 mace "Ytagrit" (weapon)
{venom, rElec} You block the two-headed ogre's attack.
The two-headed ogre hits you with a giant club.
* * * LOW HITPOINT WARNING * * *
You barely miss the two-headed ogre. You squeeze the two-headed ogre.
The two-headed ogre is severely wounded.
You block the two-headed ogre's attack.
The two-headed ogre hits you with a giant club!!
Ouch! That really hurt!
You die...

##.#### ##...##
##...# ##..# ###
##.>.# ###...
######....#
#......
##.........#
##.....
...###....## #O..#
#### ###.## ##@.#
### #..## ##.#
#.## #..#
######### ##..#
........## #..##
.........## ###..#
###.#.....###...##


You could see a two-headed ogre.

Vanquished Creatures
  The ghost of robertstho the Magician, a novice SpCj (D:5)
  A phantom (D:5)
  A sky beast (D:6)
  2 ogres (D:4)
  The ghost of Ooooooops the Cudgeler, an amateur GrMo (D:3)
  2 bullfrogs (D:6)
  A scorpion (D:5)
  A howler monkey (D:5)
  3 crimson imps
  2 hounds
  3 orc priests
  A bullfrog skeleton (D:5)
  3 orc wizards (D:6)
  An iguana (D:4)
  2 worker ants
  A hound zombie (D:5)
  A worker ant zombie (D:6)
  3 gnolls (D:3)
  7 adders
  2 oozes
  3 worms
  4 dart slugs
  A leopard gecko (D:2)
  15 orcs
  A ball python (D:3)
  4 bats
  8 giant cockroaches
  9 hobgoblins
  2 jackals (D:6)
  8 kobolds
  5 frilled lizards
  6 goblins
  10 rats
115 creatures vanquished.

Notes
Turn   | Place    | Note
-------+----------+-------------------------------------------
     0 | D:1      | ChromeMolly the Octopode Fighter began the quest for the Orb.
     0 | D:1      | Reached XP level 1. HP: 16/16 MP: 1/1
   152 | D:1      | Reached skill level 1 in Stealth
   216 | D:1      | Reached XP level 2. HP: 6/21 MP: 2/2
   755 | D:1      | Reached XP level 3. HP: 26/26 MP: 3/3
  1069 | D:2      | Reached skill level 2 in Stealth
  1221 | D:2      | Reached skill level 1 in Short Blades
  1221 | D:2      | Reached XP level 4. HP: 28/31 MP: 4/4
  1280 | D:2      | Found a glowing golden altar of the Shining One.
  1582 | D:2      | Found a shattered altar of Ashenzari.
  1976 | D:3      | Noticed Ooooooops's ghost (amateur GrMo)
  1989 | D:3      | Killed Ooooooops's ghost
  1989 | D:3      | Reached skill level 4 in Stealth
  1989 | D:3      | Reached XP level 5. HP: 20/36 MP: 5/5
  2621 | D:4      | Noticed an ogre
  2632 | D:4      | Killed an ogre
  2632 | D:4      | Reached skill level 1 in Throwing
  2632 | D:4      | Reached skill level 5 in Stealth
  2632 | D:4      | Reached XP level 6. HP: 6/43 MP: 6/6
  2636 | D:4      | HP: 1/43 [giant cockroach (2)]
  3163 | D:4      | Reached XP level 7. HP: 47/47 MP: 7/7
  3529 | D:5      | Entered Level 5 of the Dungeon
  3544 | D:5      | Got an encrusted mace
  3545 | D:5      | Identified the +8 mace "Ytagrit" {venom, rElec} (You found it on level 5 of the Dungeon)
  3709 | D:5      | Reached skill level 6 in Stealth
  3818 | D:5      | Noticed robertstho's ghost (novice SpCj)
  3833 | D:5      | Killed robertstho's ghost
  3853 | D:5      | Reached XP level 8. HP: 21/54 MP: 8/8
  3929 | D:5      | Reached skill level 1 in Maces & Flails
  4023 | D:5      | Paralysed by a crimson imp for 6 turns
  4884 | D:6      | Reached skill level 7 in Stealth
  5399 | D:6      | Noticed a two-headed ogre
  5408 | D:6      | Annihilated by a two-headed ogre

Skill      XL: |  1  2  3  4  5  6  7  8 |
---------------+-------------------------+-----
Stealth        | 1 2 4 5 6 7 |  7.4
Short Blades   | 1 2 3 4 |  4.2
Throwing       | 1 2 |  2.8
Dodging        | 4 |  4.5
Axes           | 3 |  3.9
Shields        | 4 |  4.4
Fighting       | 4 |  4.5
Maces & Flails | 2 |  2.6

Action                   |  1- 3 |  4- 6 |  7- 9 || total
-------------------------+-------+-------+-------++-------
Melee: War axe           |    19 |    37 |    11 ||    67
       Dagger            |    45 |    38 |     9 ||    92
       Constrict         |    17 |    18 |    18 ||    53
       Tentacles         |    15 |    20 |    14 ||    49
       Mace              |       |       |    59 ||    59
       Hand axe          |       |       |    24 ||    24
Throw: Stone             |     7 |    22 |    31 ||    60
       Tomahawk          |       |       |    10 ||    10
       Throwing net      |       |       |     1 ||     1
  Use: Scroll            |     4 |     5 |     1 ||    10
       Potion            |       |     3 |     1 ||     4
 Stab: Sleeping          |     5 |     9 |     4 ||    18
       Distracted        |       |     1 |       ||     1
  Eat: Chunk             |     1 |     6 |     3 ||    10
       Bread ration      |       |       |     1 ||     1
       Royal jelly       |       |       |     1 ||     1
Armor: Skin              |     7 |       |     6 ||    13
Dodge: Dodged            |    22 |    17 |    34 ||    73
Block: Shield            |    23 |    36 |    52 ||   111
